 Dungeon Crawl Stone Soup version 0.20-a0-556-g892c87b (webtiles) character file.

1 drasked the Magician (level 1, -2/10 HPs)
             Began as a Deep Elf Wizard on Feb 4, 2017.
             Slain by a gnoll
             ... wielding a +0 halberd
              (12 damage)
             ... on level 1 of the Dungeon.
             The game lasted 00:00:32 (106 turns).

drasked the Magician (Deep Elf Wizard)               Turns: 106, Time: 00:00:32

Health: -2/10      AC:  2    Str:  4    XL:     1   Next: 16%
Magic:  3/7        EV: 13    Int: 22    God:
Gold:   15         SH:  0    Dex: 13    Spells: 7/8 levels left

rFire    . . .     SeeInvis .   (no weapon)
rCold    . . .     Gourm    .   a - +0 robe
rNeg     . . .     Faith    .   (no shield)
rPois    .         Spirit   .   b - +0 hat
rElec    .         Reflect  .   (no cloak)
rCorr    .         Harm     .   (no gloves)
MR       .....                  (no boots)
Stlth    ++........             (no amulet)
Regen    0.1/turn               (no ring)
                                (no ring)

@: no status effects
A: no striking features
a: no special abilities


You were on level 1 of the Dungeon.
You were not hungry.

You visited 1 branch of the dungeon, and saw 1 of its levels.

You collected 15 gold pieces.

Inventory:

Armour
 a - a +0 robe (worn)
 b - a +0 hat (worn)
Scrolls
 e - a scroll of enchant armour {unknown}
Books
 c - a book of Minor Magic
Comestibles
 d - a bread ration {@e1}


   Skills:
 - Level 2.4 Dodging
 - Level 2.4 Stealth
 + Level 4.4 Spellcasting
 + Level 1.2 Conjurations
   Level 1.1 Summonings
   Level 1.1 Translocations


You had 7 spell levels left.
You knew the following spells:

 Your Spells              Type           Power        Failure   Level  Hunger
a - Magic Dart            Conj           ##..         10%         1    None


Dungeon Overview and Level Annotations

Branches:
Dungeon (1/15)

Altars:


Message History

Welcome, drasked the Deep Elf Wizard.
The bosom of this dungeon contains the fabled artefact, the Orb of Zot.
Found 15 gold pieces.
Found a staircase leading out of the dungeon.
Okay, then.
You now have 15 gold pieces.
You open the door.
There is an open door here.
You found a shaft!
A hobgoblin comes into view.
Aim: a hobgoblin (resting)
You miscast Magic Dart.
You are very lightly contaminated with residual magic.
Nothing appears to happen.
You now have 6/7 mp.
Aim: a hobgoblin (resting)
The magic dart hits the hobgoblin.
You now have 5/7 mp.
Aim: a hobgoblin (moderately wounded)
The magic dart hits the hobgoblin.
You now have 4/7 mp.
Aim: a hobgoblin (moderately wounded)
The magic dart hits the hobgoblin.
You now have 3/7 mp.
Aim: a hobgoblin (severely wounded)
You miscast Magic Dart.
Nothing appears to happen.
You now have 2/7 mp.
Aim: a hobgoblin (severely wounded)
The magic dart hits the hobgoblin.
You kill the hobgoblin!
You now have 1/7 mp.
Okay, then.
You start resting.
Your magical contamination has completely faded away.
You regained 4 mp, and now have 5/7 mp.
Found an escape hatch in the floor.
Found a stone staircase leading down.
You see here a hobgoblin corpse.
e - a scroll labeled JEGRER HAMO A gnoll comes into view.
It is wielding a halberd.
The gnoll shouts!
The gnoll moves out of view.
The gnoll is too close now for your liking.
MP restored: 7
Aim: a gnoll, wielding a halberd The magic dart hits the gnoll.
You now have 6/7 mp.
Aim: a gnoll, wielding a halberd (moderately wounded)
The magic dart hits the gnoll.
You now have 5/7 mp.
Aim: a gnoll, wielding a halberd (heavily wounded)
The magic dart hits the gnoll.
You now have 4/7 mp.
Aim: a gnoll, wielding a halberd (heavily wounded)
The magic dart hits the gnoll.
The gnoll hits you from afar with a halberd!
Ouch! That really hurt!
You die...

#....# #....# #....####+##
#################..........#
♣♣.<#..#..........†.........#
P♣..#..#.#########.......>..#
PP.♣#........................
♣..P#..#.#########.###......#
P..♣#...........@.g.........(
..♣P#...##########.#########?
♣.♣P#...# #.# ≈.P♣#...#####
#.# #'###.......# #.#
.......####.# #.# ####....#
#.# #.# ##...# #.# #.#
#...###.######.#


You could see a gnoll.

Vanquished Creatures
  A hobgoblin (D:1)
1 creature vanquished.

Notes
Turn   | Place    | Note
-------+----------+-------------------------------------------
     0 | D:1      | drasked the Deep Elf Wizard began the quest for the Orb.
     0 | D:1      | Reached XP level 1. HP: 10/10 MP: 7/7
   106 | D:1      | Slain by a gnoll

Vault maps used:
D:1:      tarquinn_simple_flora_water_f

Action                   || total
-------------------------++-------
 Cast: Magic Dart        ||     8

Vault maps used:
D:1:      tarquinn_simple_flora_water_f

Table legend:
 A = Turns spent in this place as a percentage of turns spent in the entire game.
 B = Non-inter-level travel turns spent in this place as a percentage of non-inter-level travel turns spent in the entire game.
 C = Inter-level travel turns spent in this place as a percentage of turns spent in this place.
 D = Turns resting spent in this place as a percentage of non-inter-level travel turns spent in this place.
 E = Turns spent auto-exploring this place as a percentage of non-inter-level travel turns spent in this place.
 F = Non-inter-level travel turns spent in this place divided by the number of levels of this place that you've seen.
                   A       B       C       D       E      F
               +-------+-------+-------+-------+-------+----------------------
         Total | 100.0 | 100.0 |   0.0 |   7.1 |  17.9 |  28.0
       Dungeon | 100.0 | 100.0 |   0.0 |   7.1 |  17.9 |  28.0
               +-------+-------+-------+-------+-------+----------------------

Table legend:
 A = Kills in this place as a percentage of kills in entire the game.
 B = Kills by you in this place as a percentage of kills by you in the entire game.
 C = Kills by friends in this place as a percentage of kills by friends in the entire game.
 D = Other kills in this place as a percentage of other kills in the entire game.
 E = Experience gained in this place as a percentage of experience gained in the entire game.
 F = Experience gained in this place divided by the number of levels of this place that you have seen.
                   A       B       C       D       E      F
               +-------+-------+-------+-------+-------+----------------------
         Total | 100.0 | 100.0 |  -nan |  -nan | 100.0 |   2.0
       Dungeon | 100.0 | 100.0 |  -nan |  -nan | 100.0 |   2.0
               +-------+-------+-------+-------+-------+----------------------
